 Dungeon Crawl Stone Soup version 0.20.1-1-g8b1a95d (console) character file.

736 bli the Magician (level 7, -2/40 HPs)
             Began as a Gargoyle Fire Elementalist on Aug 20, 2017.
             Slain by a centaur (5 damage)
             ... on level 5 of the Dungeon.
             The game lasted 00:23:34 (4921 turns).

bli the Magician (Gargoyle Fire Elementalist)       Turns: 4921, Time: 00:23:34

Health: -2/40      AC:  4    Str: 11    XL:     7   Next: 74%
Magic:  9/13       EV: 12    Int: 17    God:
Gold:   335        SH:  0    Dex: 11    Spells: 10/15 levels left

rFire    . . .     SeeInvis +   a - +0 flail (venom)
rCold    . . .     Gourm    .   (no shield)
rNeg     + . .     Faith    .   (no armour)
rPois    ∞         Spirit   .   (no helmet)
rElec    +         Reflect  .   (no cloak)
rCorr    .         Harm     .   (no gloves)
MR       .....                  (no boots)
Stlth    +++.......             (no amulet)
Regen    0.2/turn               e - ring of see invisible
MPRegen  0.2/turn               j - ring of stealth

@: very slightly contaminated
A: negative energy resistance 1, electricity resistance, unbreathing,
petrification resistance, rot immunity, AC +4
a: no special abilities


You were on level 5 of the Dungeon.
You were very hungry.

You visited 1 branch of the dungeon, and saw 5 of its levels.

You collected 335 gold pieces.

Inventory:

Hand Weapons
 a - a +0 flail of venom (weapon)
 n - a +0 whip
 q - a +0 club
 z - a +0 flail
 K - a +0 war axe
Missiles
 p - 107 stones (quivered)
Armour
 g - a +0 buckler
 k - a +0 leather armour
 F - a +0 buckler
Jewellery
 e - a ring of see invisible (left hand)
 j - a ring of stealth (right hand)
 m - an uncursed ring of flight
 r - an uncursed amulet of harm {unknown}
 t - an uncursed ring of ice
Wands
 x - a wand of flame (12/48)
 C - a wand of digging (10/24)
 J - a wand of acid (12/15)
Scrolls
 f - 2 scrolls of enchant weapon {unknown}
 h - 4 scrolls of teleportation
 o - 3 scrolls of remove curse
 v - a scroll of enchant armour {unknown}
 y - a scroll of recharging {unknown}
 A - 2 scrolls of fear
 G - a scroll of amnesia {unknown}
 I - a scroll of immolation {unknown}
 L - a scroll of identify
Potions
 d - 2 potions of brilliance {unknown}
 i - 4 potions of curing
 l - 2 potions of berserk rage {unknown}
 s - 2 potions of lignification
 u - 3 potions of flight {unknown}
 w - 3 potions of heal wounds {unknown}
 D - 2 potions of haste {unknown}
 E - a potion of might
 H - a potion of degeneration {unknown}
Books
 b - a book of Flames

   Spells                             Type                      Level
   a - Flame Tongue                   Conjuration/Fire             1
   b - Throw Flame                    Conjuration/Fire             2
   c - Conjure Flame                  Conjuration/Fire             3
   d - Inner Flame                    Hexes/Fire                   3
   e - Sticky Flame                   Conjuration/Fire             4
   f - Fireball                       Conjuration/Fire             5
Comestibles
 c - 3 bread rations
 B - 2 fruits


   Skills:
 + Level 2.3 Fighting
 + Level 2.6 Maces & Flails
 + Level 2.6 Dodging
 - Level 2.1 Stealth
 * Level 3.4 Shields
 * Level 4.5 Spellcasting
 + Level 3.2 Conjurations
 + Level 3.7 Fire Magic


You had 10 spell levels left.
You knew the following spells:

 Your Spells              Type           Power        Failure   Level  Hunger
a - Flame Tongue          Conj/Fire      ###..        3%          1    None
s - Sticky Flame          Conj/Fire      ###.....     34%         4    ####...


Dungeon Overview and Level Annotations

Branches:
Dungeon (5/15)
 Temple: D:4-7

Altars:
Hepliaklqana
Uskayaw
Xom
Yredelemnul


Innate Abilities, Weirdness & Mutations

You are resistant to torment.
Your stone body is resilient. (AC +4)
You are immune to poison.
You resist negative energy. (rN+)
You are resistant to electric shocks. (rElec)
You can survive without breathing.
You are immune to petrification.
You are immune to rotting.


Message History

You barely miss the centaur.
The centaur is lightly wounded.
The centaur closely misses you. The centaur barely misses you.
The crimson imp misses you. The centaur closely misses you.
You see here 2 arrows.
You barely miss the centaur.
The centaur is lightly wounded.
The centaur barely misses you.
The crimson imp shouts, "Crawl home, thou pandering moldwarp mammet!"
The centaur hits you.
* * * LOW HITPOINT WARNING * * *
Casting: Flame Tongue
Confirm with . or Enter, or press ? or * to list all spells.
Aiming: Flame Tongue
Press: ? - help, Shift-Dir - straight line, f/p - centaur
Aim: a centaur (lightly wounded)
The flame tongue hits the centaur.
The centaur is lightly wounded.
The centaur hits you.
You die...

..#
###.###
#.....#
###.....##
.$......#
#.(....#
#..5...#
#c#
#######@#
.....>.(#
#######.#
#.# ###
#.#
##.###.#
##...##.#
#.......#
##...##.#
##.#...#
#.#.###


You could see a centaur and a crimson imp.

Vanquished Creatures
  An ogre (D:3)
  A scorpion (D:4)
  2 electric eels (D:3)
  2 hounds (D:4)
  A centaur skeleton (D:4)
  Jessica (D:3)
  2 iguanas (D:4)
  A worker ant (D:4)
  A hound skeleton (D:4)
  8 adders
  17 gnolls
  3 worms
  A dart slug (D:1)
  5 leopard geckos
  9 orcs
  12 bats
  2 giant cockroaches
  7 goblins
  12 hobgoblins
  5 kobolds
  2 quokkas
  2 frilled lizards
  6 rats
103 creatures vanquished.

Notes
Turn   | Place    | Note
-------+----------+-------------------------------------------
     0 | D:1      | bli the Gargoyle Fire Elementalist began the quest for the Orb.
     0 | D:1      | Reached XP level 1. HP: 10/10 MP: 3/3
   187 | D:1      | Reached XP level 2. HP: 10/16 MP: 0/5
   944 | D:2      | Reached skill level 1 in Fighting
   984 | D:2      | Reached XP level 3. HP: 18/20 MP: 2/6
  1202 | D:2      | Found a shimmering altar of Xom.
  1206 | D:2      | Found a hazy altar of Hepliaklqana.
  1206 | D:2      | Noticed an earth elemental
  1209 | D:2      | Noticed an earth elemental
  1209 | D:2      | Noticed a spectral ugly thing
  1421 | D:2      | Found a basalt altar of Yredelemnul.
  1481 | D:2      | Reached XP level 4. HP: 24/25 MP: 3/8
  1499 | D:2      | Reached skill level 1 in Shields
  1499 | D:2      | Reached skill level 3 in Spellcasting
  1660 | D:2      | You fall through a shaft!
  1710 | D:3      | Noticed Jessica
  1731 | D:3      | Killed Jessica
  1731 | D:3      | Reached XP level 5. HP: 23/29 MP: 3/9
  1856 | D:3      | Found a transporter.
  1862 | D:3      | Found a transporter.
  1870 | D:3      | Noticed an ogre
  1896 | D:3      | Killed an ogre
  2159 | D:3      | Reached XP level 6. HP: 29/34 MP: 6/11
  2179 | D:3      | Reached skill level 1 in Maces & Flails
  2183 | D:3      | Found a hide-covered altar of Uskayaw.
  3137 | D:3      | Reached skill level 4 in Spellcasting
  3189 | D:4      | Learned a level 4 spell: Sticky Flame
  3329 | D:4      | Reached XP level 7. HP: 34/39 MP: 9/13
  4774 | D:5      | Entered Level 5 of the Dungeon
  4921 | D:5      | Slain by a centaur

Skill      XL: |  1  2  3  4  5  6  7 |
---------------+----------------------+-----
Fighting       | 1 2 |  2.3
Dodging        | 2 |  2.6
Shields        | 1 2 3 |  3.4
Spellcasting   | 3 4 |  4.5
Conjurations   | 2 3 |  3.2
Maces & Flails | 1 2 |  2.6
Stealth        | |  2.1
Fire Magic     | |  3.7

Action                   |  1- 3 |  4- 6 |  7- 9 || total
-------------------------+-------+-------+-------++-------
Melee: Unarmed           |     9 |       |       ||     9
       Club              |    38 |    13 |       ||    51
       Flail             |       |    71 |    45 ||   116
Throw: Stone             |       |     9 |    19 ||    28
 Cast: Flame Tongue      |    43 |    88 |    58 ||   189
  Use: Scroll            |       |     7 |       ||     7
 Stab: Sleeping          |     8 |     3 |     1 ||    12
       Distracted        |       |     1 |       ||     1
  Eat: Chunk             |     2 |     6 |     4 ||    12
Armor: Robe              |    21 |    37 |    27 ||    85
Dodge: Dodged            |    61 |    79 |    50 ||   190
